 Dungeon Crawl Stone Soup version 0.29.0-13-gc9e81de378 (webtiles) character file.

Game seed: 3786357456654005017

442 freelancePsychic the Chopper (level 7, -1/62 HPs)
             Began as a Hill Orc Fighter on Sept 8, 2022.
             Succumbed to a water moccasin's poison
             ... on level 3 of the Dungeon.
             The game lasted 00:03:43 (2584 turns).

freelancePsychic the Chopper (Hill Orc Fighter)     Turns: 2584, Time: 00:03:44

Health: -1/62      AC:  6    Str: 19    XL:     7   Next: 2%
Magic:  1/8        EV:  9    Int:  8    God:
Gold:   58         SH:  4    Dex: 12    Spells: 6/6 levels left

rFire   + . .      SeeInvis .   a - +0 war axe
rCold   . . .      Faith    .   c - +0 buckler
rNeg    . . .      Spirit   +   b - +0 scale mail
rPois   .          Reflect  .   (no helmet)
rElec   .          Harm     .   (no cloak)
rCorr   .          Rampage  .   (no gloves)
Will    .....                   (no boots)
Stlth   ..........              g - amulet of guardian spirit
HPRegen 0.20/turn               (no ring)
MPRegen 0.11/turn               (no ring)

@: lethally poisoned (-1 -> -6)
A: fangs 1, fire resistance 1
a: no special abilities


You were on level 3 of the Dungeon.
You visited 1 branch of the dungeon, and saw 3 of its levels.

You collected 58 gold pieces.

Inventory:

Hand Weapons
 a - a +0 war axe (weapon)
Armour
 b - a +0 scale mail (worn)
 c - a +0 buckler (worn)
Jewellery
 g - an amulet of guardian spirit (around neck)
 j - an amulet of magic regeneration
 m - a ring of ice
Scrolls
 l - a scroll of magic mapping


   Skills:
 + Level 5.9 Fighting
 * Level 7.7 Axes
 - Level 3.2 Armour
 - Level 3.5 Shields
 + Level 1.6 Invocations


You had 6 spell levels left.
You didn't know any spells.
Your spell library contained the following spells:

 Spells                   Type           Power      Damage    Failure   Level
 Blink                    Tloc           0%         N/A       95%         2
 Poisonous Vapours        Pois/Air       0%         N/A       95%         2
 Sublimation of Blood     Necr           0%         N/A       95%         2
 Corpse Rot               Necr/Pois/Air  0%         N/A       100%        4
 Petrify                  Tmut/Erth      0%         N/A       100%        4
 Irradiate                Conj/Tmut      0%         3d11      100%        5
 Manifold Assault         Tloc           0%         N/A       100%        5
 Storm Form               Tmut/Air       0%         N/A       100%        7


Dungeon Overview and Level Annotations

Branches:
Dungeon (3/15)

Altars:
Hepliaklqana

Annotations:
D:3 2 transporters


Innate Abilities, Weirdness & Mutations

You have very sharp teeth.
Your flesh is heat resistant. (rF+)


Message History

You feel very sick. You block the water moccasin's attack.
The water moccasin bites you.
You are lethally poisoned!
The water moccasin poisons you!
You hit the water moccasin.
You bite the water moccasin, but do no damage.
The water moccasin is moderately wounded.
You feel extremely sick. The water moccasin barely misses you.
The water moccasin closely misses you.
You slash the water moccasin!
The water moccasin is heavily wounded.
* * * LOW HITPOINT WARNING * * *
You feel very sick. The water moccasin closely misses you.
You slash the water moccasin!
You kill the water moccasin!
* * * LOW HITPOINT WARNING * * *
You feel very sick. The goblin hits you with a +0 dagger.
* * * LOW HITPOINT WARNING * * *
Your Invocations skill increases to level 1!
You have reached level 7!
You aren't carrying any potions.
You barely miss the goblin.
* * * LOW HITPOINT WARNING * * *
You feel very sick. You block the goblin's attack.
You hit the goblin.
The goblin is severely wounded.
* * * LOW HITPOINT WARNING * * *
You feel very sick. You block the goblin's attack.
You closely miss the goblin.
The goblin is severely wounded.
* * * LOW HITPOINT WARNING * * *
You feel sick. The goblin hits you with a +0 dagger.
* * * LOW HITPOINT WARNING * * *
You slash the goblin!
You kill the goblin!
You die...

.......,^...#..........#****,,,,,
#.##..#**,#...#####.##.# *,,,**
#.##..# *,*#...........# *,,>**
#.##..###,*#####.......# *,,,<*
#.......#,* #.#####.#****,,,,*
#©..###.#.######.# *...,,,,,,,*
#...# #.#........# *,...**,,,,*
#.#.###.########.# *,*#.#**,*,*
#.#.....# #@#****,**.#**,*,*
#.####### #.).....#,,,**,*,, ..#
####.....,,,,,,*** .##
**####,,,****** ## **,,,,,,,,
*********


There were no monsters in sight!

Vanquished Creatures
  Sigmund (D:3)
  A water moccasin (D:3)
  An orc priest (D:3)
  An orc wizard (D:3)
  Natasha (D:3)
  4 adders
  A worm (D:2)
  4 dart slugs
  2 orcs (D:3)
  5 ball pythons
  6 endoplasms (D:1)
  2 giant cockroaches (D:3)
  5 goblins
  5 hobgoblins
  2 jackals (D:2)
  5 kobolds
  2 quokkas (D:2)
  9 bats
  2 frilled lizards (D:3)
  5 rats
64 creatures vanquished.

Vanquished Creatures (others)
  10 plants (D:3)
10 creatures vanquished.

Grand Total: 74 creatures vanquished

Notes
Turn   | Place    | Note
-------+----------+-------------------------------------------
     0 | D:1      | freelancePsychic the Hill Orc Fighter began the quest for
                  | the Orb.
     0 | D:1      | Reached XP level 1. HP: 19/19 MP: 1/1
   189 | D:1      | Reached skill level 3 in Axes
   306 | D:1      | Reached XP level 2. HP: 6/27 MP: 2/2
   983 | D:1      | Reached XP level 3. HP: 28/33 MP: 3/3
  1117 | D:1      | Reached skill level 4 in Axes
  1560 | D:2      | Reached XP level 4. HP: 40/41 MP: 4/4
  1734 | D:2      | Reached skill level 5 in Axes
  1796 | D:2      | You fall into a shaft and drop 1 floor!
  1796 | D:3      | Found a hazy altar of Hepliaklqana.
  1800 | D:3      | Noticed a scorpion
  1803 | D:3      | Found a transporter.
  1803 | D:3      | Noticed an ogre
  1803 | D:3      | Noticed a phantom
  1818 | D:3      | Found a transporter.
  1890 | D:3      | Noticed Sigmund
  1919 | D:3      | Killed Sigmund
  1920 | D:3      | Reached skill level 5 in Fighting
  1920 | D:3      | Reached skill level 6 in Axes
  1920 | D:3      | Reached XP level 5. HP: 27/48 MP: 2/5
  1920 | D:3      | Reached XP level 6. HP: 32/56 MP: 2/6
  2111 | D:3      | Reached skill level 7 in Axes
  2122 | D:3      | Found a faded altar of an unknown god.
  2186 | D:3      | Noticed Natasha
  2200 | D:3      | Killed Natasha
  2570 | D:3      | Noticed a water moccasin
  2571 | D:3      | Gained mutation: You have very sharp teeth. [potion of
                  | mutation]
  2571 | D:3      | Gained mutation: Your flesh is heat resistant. (rF+)
                  | [potion of mutation]
  2580 | D:3      | Killed a water moccasin
  2581 | D:3      | Reached skill level 1 in Invocations
  2581 | D:3      | Reached XP level 7. HP: 8/62 MP: 3/8
  2582 | D:3      | HP: 2/62 [poisoned by a water moccasin]
  2584 | D:3      | Succumbed to a water moccasin's poison

Illustrated notes

Levels and vault maps discovered:
D:1:      shiori_arrival_maze, layout_loops_corners
D:2:      layout_rooms, uniq_crazy_yiuf_cottage
D:3:      layout_loops_ring, gammafunk_temple_overflow_arena,
          gammafunk_temple_overflow_pools,
          shapermc_ecumenical_altar_mp_ritualfount, uniq_ijyb, uniq_natasha,
          uniq_sigmund

Skill      XL: |  1  2  3  4  5  6 |
---------------+-------------------+-----
Axes           | 3 4 6 7 |  7.7
Fighting       | 4 5 |  5.9
Invocations    | 1 |  1.6
Armour         | |  3.2
Shields        | |  3.5

Action                   |  1- 3 |  4- 6 |  7- 9 || total
-------------------------+-------+-------+-------++-------
Melee: War axe           |    88 |   100 |     4 ||   192
       Bite              |       |     1 |       ||     1
  Use: Scroll            |     2 |     3 |       ||     5
       Potion            |       |     5 |       ||     5
Armor: Scale mail        |    37 |    36 |       ||    73
Dodge: Dodged            |    36 |    46 |       ||    82
Block: Buckler           |    12 |    18 |     2 ||    32
